 Dungeon Crawl Stone Soup version 0.21.1-1-g345015fe64 (webtiles) character file.

1712 HeroTen the Chopper (level 8, -3/66 (67) HPs)
             Began as a Centaur Fighter on June 20, 2018.
             Was an Elder of Qazlal.
             Slain by a killer bee (4 damage)
             ... on level 7 of the Dungeon.
             The game lasted 00:44:51 (7653 turns).

HeroTen the Chopper (Centaur Fighter)               Turns: 7653, Time: 00:44:51

HP:   -3/66 (67)    AC: 10    Str: 19    XL:     8   Next: 74%
MP:   8/8           EV:  7    Int: 12    God:    Qazlal [****..]
Gold: 333           SH: 14    Dex:  9    Spells: 4/7 levels left

rFire    . . .     SeeInvis .   L - +4 long sword (freeze)
rCold    + . .     Gourm    .   c - +0 shield
rNeg     . . .     Faith    +   b - +0 scale mail
rPois    .         Spirit   .   n - +2 helmet {Int+3}
rElec    .         Reflect  .   v - scarf {repulsion}
rCorr    +         Harm     .   (no gloves)
MR       .....                  (no barding)
Stlth    ..........             m - amulet of faith
HPRegen  0.21/turn              D - ring of protection from cold
MPRegen  0.11/turn              y - ring of resist corrosion

@: lethally poisoned (-3 -> -37), about to teleport, repel missiles, very quick
A: large, hooves 3, clever 1, deformed body, speed 2, tough skin 3, weak 1
a: Upheaval, Elemental Force, Renounce Religion


You were on level 7 of the Dungeon.
You worshipped Qazlal.
Qazlal was greatly pleased with you.
You were not hungry.

You visited 1 branch of the dungeon, and saw 7 of its levels.

You collected 333 gold pieces.

Inventory:

Hand Weapons
 a - a +0 war axe
 d - a +0 falchion
 l - a +0 scythe
 s - a +0 hand axe
 t - a +3 falchion of electrocution
 x - a +0 trident
 F - a +0 flail
 G - a +2 short sword of protection
 H - a +3 whip
 K - a cursed +4 great sword
 L - a +4 long sword of freezing (weapon)
Armour
 b - a +0 scale mail (worn)
 c - a +0 shield (worn)
 n - a +2 helmet of intelligence (worn)
 v - a scarf of repulsion (worn)
Jewellery
 m - an amulet of faith (around neck)
 w - a +3 ring of protection
 y - a ring of resist corrosion (right hand)
 D - a ring of protection from cold (left hand)
Wands
 J - a wand of acid (7)
Scrolls
 e - 6 scrolls of remove curse
 f - a scroll of fear {unknown}
 p - a scroll of immolation
 z - a scroll of amnesia {unknown}
 A - a scroll of magic mapping
 E - a scroll of identify
 I - 2 scrolls of teleportation
Potions
 h - 2 potions of curing {unknown}
 i - a potion of degeneration
 k - a potion of brilliance
 o - 3 potions of flight
 u - a potion of invisibility
 B - a potion of ambrosia
 C - a potion of berserk rage
Books
 N - a book of Callings

   Spells                             Type                      Level
   a - Summon Small Mammal            Summoning                    1
   b - Call Imp                       Summoning                    2
   c - Call Canine Familiar           Summoning                    3
   d - Summon Guardian Golem          Hexes/Summoning              3
   e - Summon Lightning Spire         Summoning/Air                4
   f - Summon Ice Beast               Ice/Summoning                4
Comestibles
 r - 6 rations


   Skills:
 + Level 4.8 Fighting
 + Level 3.3 Long Blades
 + Level 4.9 Axes
 + Level 4.3 Armour
 + Level 2.0 Dodging
 + Level 1.0 Stealth
 + Level 4.7 Shields
 + Level 0.1 Summonings


You had 4 spell levels left.
You knew the following spells:

 Your Spells              Type           Power        Failure   Level  Hunger
a - Summon Guardian Gole  Hex/Summ       #.......     100%        3    ####...


Dungeon Overview and Level Annotations

Branches:
Dungeon (7/15)
 Temple: D:4-7

Altars:
Elyvilon
Fedhas
Nemelex Xobeh
Okawaru
Qazlal
Vehumet
The Shining One


Innate Abilities, Weirdness & Mutations

You have hooves in place of feet.
Armour fits poorly on your strangely shaped body.
You cover ground very quickly.
You have extremely tough skin. (AC +3)
Your mind is acute. (Int +2)
You are weak. (Str -2)


Message History

The killer bee stings you but does no damage.
You block the killer bee's attack. The killer bee stings you.
* * * LOW HITPOINT WARNING * * *
You are more poisoned.
The killer bee poisons you!
As you read the scroll of teleportation, it crumbles to dust.
You feel strangely unstable.
* * * LOW HITPOINT WARNING * * *
You feel very sick. The killer bee stings you.
* * * LOW HITPOINT WARNING * * *
You are more poisoned.
The killer bee poisons you! The killer bee closely misses you.
You riposte.
You slash the killer bee! You freeze the killer bee.
You kill the killer bee!
Qazlal accepts your kill.
You feel your dexterity returning.
Your Dodging skill increases to level 2!
You block the killer bee's attack. The killer bee stings you.
You die...

### ##.## ...
#y# #######@# #
.....Syy##.##..#
##.###.o§.y.y...
#.........#
#..##.###.#
..o#. .# #..# #
# #.# ##


You could see 3 killer bees, an adder and 2 orcs.

Vanquished Creatures
  Sigmund (D:2)
  An orc warrior (D:6)
  A necrophage (D:6)
  An ogre (D:5)
  2 centaurs
  2 bullfrogs (D:6)
  A wyvern zombie (D:6)
  2 scorpions
  2 killer bees (D:7)
  3 wights (D:6)
  2 howler monkeys
  A centaur zombie (D:5)
  A hound (D:4)
  Terence (D:2)
  An orc wizard (D:3)
  3 worker ants
  A hound skeleton (D:6)
  7 gnolls (D:5)
  8 adders
  3 shadow imps
  2 oozes
  A worm (D:2)
  4 dart slugs
  7 leopard geckos
  26 orcs
  6 giant cockroaches
  18 hobgoblins
  9 jackals
  4 quokkas
  3 ball pythons
  8 bats
  5 frilled lizards
  18 goblins
  19 kobolds
  A leopard gecko skeleton (D:6)
  3 quokka skeletons
  4 rats
  3 plants (D:4)
185 creatures vanquished.

Vanquished Creatures (others)
  A worm (D:2)
1 creature vanquished.

Grand Total: 186 creatures vanquished

Notes
Turn   | Place    | Note
-------+----------+-------------------------------------------
     0 | D:1      | HeroTen the Centaur Fighter began the quest for the Orb.
     0 | D:1      | Reached XP level 1. HP: 19/19 MP: 1/1
    83 | D:1      | Reached XP level 2. HP: 19/26 MP: 2/2
   914 | D:2      | Reached XP level 3. HP: 23/31 MP: 3/3
   926 | D:2      | Noticed Sigmund
   951 | D:2      | Noticed Terence
   995 | D:2      | Found a blossoming altar of Fedhas.
  1425 | D:2      | Killed Sigmund
  1425 | D:2      | Reached XP level 4. HP: 26/40 MP: 4/4
  1425 | D:2      | Reached XP level 5. HP: 30/46 MP: 5/5
  1442 | D:2      | Killed Terence
  1929 | D:2      | Reached XP level 6. HP: 51/52 MP: 6/6
  1975 | D:2      | Found a stormy altar of Qazlal.
  1981 | D:2      | Became a worshipper of Qazlal Stormbringer
  2197 | D:2      | Found an iron altar of Okawaru.
  2496 | D:3      | Found a radiant altar of Vehumet.
  2518 | D:3      | Found a faded altar of an unknown god.
  2583 | D:3      | Reached * piety under Qazlal
  2685 | D:3      | Reached skill level 1 in Dodging
  3776 | D:4      | Found a glowing golden altar of the Shining One.
  4114 | D:4      | Reached XP level 7. HP: 58/58 MP: 7/7
  4256 | D:4      | Found a sparkling altar of Nemelex Xobeh.
  4661 | D:5      | Entered Level 5 of the Dungeon
  4755 | D:5      | Found a white marble altar of Elyvilon.
  4777 | D:5      | Reached ** piety under Qazlal
  5843 | D:5      | Gained mutation: Scrolls take you a little longer to read. [potion of mutation]
  5843 | D:5      | Gained mutation: You tend to lose your temper in combat. [potion of mutation]
  5843 | D:5      | Gained mutation: You are partially covered in molten scales. (AC +2) [potion of mutation]
  5847 | D:5      | Lost mutation: Scrolls take you a little longer to read. [potion of mutation]
  5847 | D:5      | Lost mutation: You tend to lose your temper in combat. [potion of mutation]
  5847 | D:5      | Lost mutation: You are partially covered in molten scales. (AC +2) [potion of mutation]
  5847 | D:5      | Gained mutation: You are weak. (Str -2) [potion of mutation]
  5847 | D:5      | Gained mutation: Your mind is acute. (Int +2) [potion of mutation]
  6011 | D:5      | Reached *** piety under Qazlal
  6374 | D:5      | Reached skill level 1 in Long Blades
  6555 | D:6      | Reached XP level 8. HP: 61/65 MP: 8/8
  6830 | D:6      | Reached skill level 1 in Stealth
  6868 | D:6      | Reached **** piety under Qazlal
  6894 | D:6      | Learned a level 3 spell: Summon Guardian Golem
  7653 | D:7      | HP: 1/66 [killer bee (3)]
  7653 | D:7      | Slain by a killer bee

Skill      XL: |  1  2  3  4  5  6  7  8 |
---------------+-------------------------+-----
Axes           | 2 3 4 |  4.9
Armour         | 3 4 |  4.3
Shields        | 3 4 |  4.7
Dodging        | 1 2 |  2.0
Fighting       | 4 |  4.8
Long Blades    | 1 3 |  3.3
Stealth        | 1 |  1.0
Summonings     | |  0.1

Action                   |  1- 3 |  4- 6 |  7- 9 || total
-------------------------+-------+-------+-------++-------
Melee: War axe           |    89 |   137 |   130 ||   356
       Kick              |     9 |    16 |    67 ||    92
       Falchion          |       |       |    90 ||    90
       Long sword        |       |       |    51 ||    51
  Use: Scroll            |     2 |     8 |     7 ||    17
       Potion            |     3 |       |     8 ||    11
  Eat: Ration            |     1 |     1 |     2 ||     4
       Chunk             |       |       |     5 ||     5
Armor: Scale mail        |    26 |       |    50 ||    76
       Ring mail         |    57 |    78 |    40 ||   175
Dodge: Dodged            |    63 |    50 |    63 ||   176
       Deflected         |       |       |     5 ||     5
Block: Shield            |    62 |    87 |   206 ||   355
       Rpst.: Falchion   |       |       |     2 ||     2
       Long sword        |       |       |     6 ||     6
